 Dungeon Crawl Stone Soup version 0.30-a0-782-ge64f9170bb (webtiles) character file.

Game seed: 369530918285974134

7 Engwar the Sneak (level 2, -1/15 HPs)
             Began as a Gargoyle Enchanter on Feb 22, 2023.
             Slain by a quokka (4 damage)
             ... on level 1 of the Dungeon.
             The game lasted 00:01:50 (198 turns).

Engwar the Sneak (Gargoyle Enchanter)                Turns: 198, Time: 00:01:51

Health: -1/15      AC:  4    Str: 11    XL:     2   Next: 0%
Magic:  5/5        EV: 11    Int: 15    God:
Gold:   23         SH:  0    Dex: 10    Spells: 3/5 levels left

rFire   . . .      SeeInvis .    a - +1 dagger
rCold   . . .      Faith    .    (no shield)
rNeg    + . .      Spirit   .    b - +0 robe
rPois   ∞          Reflect  .    (no helmet)
rElec   +          Harm     .    (no cloak)
rCorr   .          Rampage  .    (no gloves)
Will    .....                    (no boots)
Stlth   ++                       (no amulet)
HPRegen 0.22/turn                (no ring)
MPRegen 0.09/turn                (no ring)

@: no status effects
A: sickness immunity, AC +2, negative energy resistance 1, electricity
resistance, torment resistance 1, petrification resistance
a: no special abilities


You were on level 1 of the Dungeon.
You visited 1 branch of the dungeon, and saw 1 of its levels.

You collected 23 gold pieces.

Inventory:

Hand Weapons
 a - a +1 dagger (weapon)
Armour
 b - a +0 robe (worn)
Scrolls
 d - a scroll of immolation {unknown}
Potions
 c - 2 potions of invisibility


   Skills:
 - Level 0.8 Short Blades
 - Level 1.5 Dodging
 + Level 3.5 Stealth
 + Level 2.1 Spellcasting
 + Level 2.8 Hexes


You had 3 spell levels left.
You knew the following spells:

 Your Spells              Type           Power      Damage    Failure   Level
a - Ensorcelled Hibernat  Hex/Ice        10%        N/A       19%         2

Your spell library contained the following spells:

 Spells                   Type           Power      Damage    Failure   Level
 Confusing Touch          Hex            10%        N/A       21%         3
 Tukima's Dance           Hex            10%        N/A       21%         3
 Dazzling Flash           Conj/Hex       10%        N/A       36%         3


Dungeon Overview and Level Annotations

Branches:
Dungeon (1/15)

Altars:


Innate Abilities, Weirdness & Mutations

You are immune to sickness and miasma.
Your stone body is resilient. (AC +2)
You are immune to poison.
You resist negative energy. (rN+)
You are resistant to electric shocks. (rElec)
You are resistant to unholy torment.
You are immune to petrification.


Message History

Memorise Ensorcelled Hibernation, consuming 2 spell levels and leaving 3?
You start memorising the spell.
You continue memorising. x2
You finish memorising.
Spell assigned to 'a'.
Okay, then.
You now have 23 gold pieces (gained 13).
A dart slug comes into view.
Found a ring mail.
Found a golden potion.
The dart slug launches a dart at you. The slug dart hits you.
The kobold shouts!
You hit the dart slug.
The dart slug is heavily wounded.
The quokka bites you.
You hit the dart slug.
The dart slug is heavily wounded.
The quokka bites you. The dart slug launches a dart at you.
The slug dart hits you.
A rat comes into view.
You are too injured to fight recklessly!
You are too injured to fight recklessly!
You are too injured to fight recklessly!
The quokka attacks as you move away! The quokka bites you.
* * * LOW HITPOINT WARNING * * *
The dart slug launches a dart at you.
The slug dart hits you but does no damage.
The quokka misses you. The kobold attacks as you move away!
The kobold barely misses you. The quokka attacks as you move away!
The quokka closely misses you. The kobold attacks as you move away!
The kobold hits you but does no damage. The dart slug launches a dart at you.
The slug dart misses you. The kobold attacks as you move away!
The kobold hits you with a +0 club.
* * * LOW HITPOINT WARNING * * *
The quokka closely misses you. The quokka barely misses you.
You see here a +0 dagger.
The kobold attacks as you move away! The kobold barely misses you.
The quokka bites you.
You die...

...........#[###
#..########
..............#...###.#...#
...........#.# #....<....#
##.........#.#
#...#.###...#
###..........########..# ##
......>..w...#......#..#
.............#.##.#....#
.............#..#.##.###
.............##@#..#...#
.............Kr.##.###.#
..............###### ###
..............)......
.............###.....
.............# #...
.............# .#
.............#
.~...........#


You could see a quokka and a kobold.

Vanquished Creatures
  A dart slug (D:1)
  An endoplasm (D:1)
  2 goblins (D:1)
4 creatures vanquished.

Notes
Turn   | Place    | Note
-------+----------+-------------------------------------------
     0 | D:1      | Engwar the Gargoyle Enchanter began the quest for the Orb.
     0 | D:1      | Reached XP level 1. HP: 10/10 MP: 3/3
   159 | D:1      | Reached XP level 2. HP: 12/15 MP: 5/5
   162 | D:1      | Learned a level 2 spell: Ensorcelled Hibernation
   198 | D:1      | Slain by a quokka

Illustrated notes

Levels and vault maps discovered:
D:1:      psy_arrival_radial01, layout_rooms, chequers_ecumenical_altar_island

Action                     || total
---------------------------++-------
  Melee: Dagger            ||    21
 Armour: Robe              ||     8
  Dodge: Dodged            ||    11

Table legend: (Time is in decaauts)
 A = Elapsed time spent in this place.
 B = Non-inter-level travel time spent in this place.
 C = Inter-level travel time spent in this place.
 D = Time resting spent in this place.
 E = Time spent auto-exploring this place.
 F = Levels seen in this place.
 G = Mean time per level.
                   A        B        C        D        E       F      G
               +--------+--------+--------+--------+--------+-----+--------+
         Total |    197 |    197 |      0 |     17 |    100 |   1 |  197.0 |
       Dungeon |    197 |    197 |      0 |     17 |    100 |   1 |  197.0 |
               +--------+--------+--------+--------+--------+-----+--------+

Top non-repeatable levels by time:
     D:1: 197 daAuts
